 Seeded DCSS version 0.25-a0-108-gda8bd6c (webtiles) character file.

Game seed: 7227870178392869099, levelgen mode: deterministic

77 Illumine the Cudgeler (level 4, 0/35 HPs)
             Began as a Human Fighter on Nov 17, 2019.
             Slain by a rat (1 damage)
             ... in a sewer.
             The game lasted 00:02:37 (1371 turns).

Illumine the Cudgeler (Human Fighter)               Turns: 1371, Time: 00:02:37

Health: 0/35       AC:  6    Str: 17    XL:     4   Next: 60%
Magic:  4/4        EV:  7    Int:  9    God:
Gold:   37         SH:  9    Dex: 12    Spells: 3/3 levels left

rFire    . . .     SeeInvis .   a - +0 flail
rCold    . . .     Gourm    .   c - +0 shield
rNeg     . . .     Faith    .   b - +0 scale mail
rPois    .         Spirit   .   (no helmet)
rElec    .         Reflect  .   (no cloak)
rCorr    .         Harm     .   (no gloves)
MR       .....                  (no boots)
Stlth    ..........             (no amulet)
HPRegen  0.11/turn              (no ring)
MPRegen  0.09/turn              (no ring)

@: no status effects
A: no striking features
a: no special abilities


You were in a sewer.
You were hungry.

You visited 1 branch of the dungeon, and saw 3 of its levels.
You also visited: Sewer.

You collected 37 gold pieces.

Inventory:

Hand Weapons
 a - a +0 flail (weapon)
Missiles
 e - 50 stones (quivered)
Armour
 b - a +0 scale mail (worn)
 c - a +0 shield (worn)
Scrolls
 g - 2 scrolls of enchant weapon {unknown}
 h - a scroll of amnesia {unknown}
 i - 2 scrolls of immolation {unknown}
 j - 3 scrolls of teleportation {unknown}
 l - 2 scrolls of identify {unknown}
 n - a scroll of fear {unknown}
 o - a scroll of magic mapping {unknown}
Potions
 m - a potion of degeneration {unknown}
Comestibles
 f - 3 rations


   Skills:
 - Level 3.0 Fighting
 * Level 3.8 Maces & Flails
 - Level 3.0 Armour
 + Level 3.7 Shields


You had 3 spell levels left.
You didn't know any spells.
Your spell library was empty.

Dungeon Overview and Level Annotations

Branches:
Dungeon (3/15)              Sewer (1/1)

Altars:
Trog
Zin


Message History

The river rat bites you.
* * * LOW HITPOINT WARNING * * *
The rat bites you but does no damage.
You hit the river rat but do no damage.
The river rat is moderately wounded.
You block the river rat's attack. The rat bites you but does no damage.
The river rat twitches its whiskers.
The river rat bites you but does no damage.
You block the rat's attack.
You closely miss the river rat.
The river rat is moderately wounded.
The river rat barely misses you. The rat closely misses you.
You closely miss the river rat.
The river rat is moderately wounded.
The river rat bites you!
* * * LOW HITPOINT WARNING * * *
The rat bites you but does no damage.
It was a potion of magic.
Magic courses through your body. You block the river rat's attack.
The rat bites you.
You die...

###
#r#
#r#
#@#
#r#
#r#
#.#
#∩#
#.#
#.#
#.#
#.#


You could see a river rat and 3 rats.

Vanquished Creatures
  An orc priest (D:3)
  A river rat (D:3)
  An ooze (D:2)
  A worm (D:2)
  2 orcs (D:3)
  2 ball pythons (D:3)
  3 bats
  2 giant cockroaches (D:3)
  4 goblins
  3 kobolds
  A frilled lizard (D:1)
  7 rats
28 creatures vanquished.

Notes
Turn   | Place    | Note
-------+----------+-------------------------------------------
     0 | D:1      | Illumine the Human Fighter began the quest for the Orb.
     0 | D:1      | Reached XP level 1. HP: 18/18 MP: 1/1
   511 | D:1      | Reached XP level 2. HP: 23/24 MP: 2/2
   816 | D:2      | Found a glowing silver altar of Zin.
   877 | D:2      | Reached XP level 3. HP: 8/29 MP: 3/3
  1202 | D:2      | Noticed a scorpion
  1242 | D:3      | Reached XP level 4. HP: 26/35 MP: 4/4
  1310 | D:3      | Found a bloodstained altar of Trog.
  1323 | D:3      | Found a glowing drain.
  1359 | Sewer    | Entered a sewer
  1370 | Sewer    | HP: 1/35 [river rat (7)]
  1371 | Sewer    | Slain by a rat

Levels and vault maps discovered:
D:1:      tarquinn_simple_flora_water_a, layout_loops_ring
D:2:      layout_loops_ring, fedhas_altar_1, lemuel_round_altar
D:3:      layout_basic, kennysheep_vampire_church, lemuel_crystal_altar,
          lemuel_crystal_altar, lemuel_zombie_altar_yredelemnul, first_ration,
          portal_sewer_entry_c, grunt_ministairs_14
Sewer:    sewer_kobolds

Skill      XL: |  1  2  3 |
---------------+----------+-----
Maces & Flails | 3 |  3.8
Fighting       | |  3.0
Armour         | |  3.0
Shields        | |  3.7

Action                   |  1- 3 |  4- 6 || total
-------------------------+-------+-------++-------
Melee: Flail             |    67 |    43 ||   110
Throw: Stone             |     7 |       ||     7
  Use: Potion            |     1 |     1 ||     2
  Eat: Chunk             |     1 |       ||     1
Armor: Scale mail        |    34 |    16 ||    50
Dodge: Dodged            |    15 |    14 ||    29
Block: Shield            |    36 |    20 ||    56

Table legend:
 A = Non-vault XP
 B = Vault XP
 C = Vault XP percentage of total XP
 D = Non-vault monster count
 E = Vault monster count
 F = Vault count percentage of total count
                 A         B        C        D         E       F
            +---------+---------+-------+---------+---------+-------
      Total |      89 |      22 |  19.8 |      22 |       6 |  21.4
            +---------+---------+-------+---------+---------+-------
        D:1 |      15 |       0 |   0.0 |      11 |       0 |   0.0
        D:2 |      20 |       0 |   0.0 |       7 |       0 |   0.0
        D:3 |      54 |      22 |  28.9 |       4 |       6 |  60.0
            +---------+---------+-------+---------+---------+-------
